General information
- name: BNet
- type: Ladder team game (AT/RT)
- host: Battle.net
- saver: GodsGiftToWar
map: FullScaleAssault
- players: 8
- length: 107:04
- speed: Fast
- version: 1.26 W3XP
- replay type: Public
» download(541 KB)
Players
team 1 (loser)

»
ronaldinho13 (
red | 30 APM | 1105 actions | 37:10)
5 Death Knight
3 Unholy Aura
2 Death Coil
4 Naga Sea Witch
2 Frost Arrows
2 Forked Lightning
» actions
| Assign group hotkey | 9 | |
| Basic commands | 1 | |
| Build / train | 61 | |
| Enter build submenu | 21 | |
| Enter hero's abilities submenu | 10 | |
| Give item / drop item | 1 | |
| Right click | 641 | |
| Select / deselect | 250 | |
| Select group hotkey | 69 | |
| Use ability | 42 | |
1105 total
» units
| Acolyte | 8 | |
| Ghoul | 4 | |
| Crypt Fiend | 12 | |
| Obsidian Statue | 2 | |
| Frost Wyrm | 4 | |
30 total
» upgrades
| Creature Attack | 3 | |
| Web | 1 | |
| Creature Carapace | 2 | |
6 total
» buildings
| Crypt | 1 | |
| Ziggurat | 10 | |
| Altar of Darkness | 2 | |
| Tomb of Relics | 1 | |
| Graveyard | 1 | |
| Halls of the Dead | 1 | |
| Slaughterhouse | 1 | |
| Nerubian Tower | 4 | |
| Spirit Tower | 5 | |
| Black Citadel | 1 | |
| Sacrificial Pit | 1 | |
| Boneyard | 1 | |
| Necropolis | 1 | |
30 total
» build order
00:12 Crypt
00:19 Ziggurat
00:37 Altar of Darkness
00:52 Tomb of Relics
01:16 Graveyard
02:14 Ziggurat
03:06 Ziggurat
04:07 Halls of the Dead
05:47 Ziggurat
06:33 Slaughterhouse
06:42 Nerubian Tower
06:44 Spirit Tower
08:26 Ziggurat
09:16 Spirit Tower
09:24 Black Citadel
10:17 Spirit Tower
10:38 Sacrificial Pit
11:27 Ziggurat
11:32 Nerubian Tower
13:18 Boneyard
14:42 Ziggurat
14:55 Ziggurat
15:54 Ziggurat
15:55 Nerubian Tower
15:58 Spirit Tower
16:34 Nerubian Tower
18:38 Spirit Tower
30:29 Necropolis
33:48 Ziggurat
33:52 Altar of Darkness
» items
| Rod of Necromancy | 1 | |
| Scroll of Town Portal | 2 | |
3 total

»
zevok (
blue | 37 APM | 1542 actions | 41:57)
5 Far Seer
3 Feral Spirit
2 Chain Lighting
3 Tauren Chieftain
2 Endurance Aura
1 War Stomp
2 Shadow Hunter
1 Healing Wave
1 Serpent Ward
» actions
| Build / train | 65 | |
| Enter build submenu | 38 | |
| Enter hero's abilities submenu | 10 | |
| Give item / drop item | 2 | |
| Right click | 855 | |
| Select / deselect | 447 | |
| Use ability | 125 | |
1542 total
» units
| Peon | 18 | |
| Grunt | 13 | |
| Goblin Zeppelin | 2 | |
| Shaman | 3 | |
| Troll Witch Doctor | 3 | |
39 total
» upgrades
| Melee Weapons | 3 | |
| Berserker Strength | 1 | |
| Shaman Training | 2 | |
| Witch Doctor Training | 2 | |
8 total
» buildings
| Altar of Storms | 3 | |
| Barracks | 2 | |
| Orc Burrow | 12 | |
| Voodoo Lounge | 1 | |
| Stronghold | 1 | |
| War Mill | 1 | |
| Great Hall | 6 | |
| Fortress | 1 | |
| Spirit Lodge | 2 | |
| Watch Tower | 8 | |
37 total
» build order
00:11 Altar of Storms
00:17 Barracks
00:23 Orc Burrow
01:55 Orc Burrow
02:19 Orc Burrow
02:58 Orc Burrow
03:37 Barracks
03:48 Voodoo Lounge
05:23 Orc Burrow
05:25 Stronghold
06:34 Orc Burrow
06:44 War Mill
07:36 Great Hall
09:20 Fortress
10:04 Spirit Lodge
10:09 Spirit Lodge
11:01 Great Hall
11:46 Orc Burrow
13:27 Watch Tower
17:06 Great Hall
17:46 Great Hall
17:49 Watch Tower
17:52 Watch Tower
17:55 Watch Tower
18:06 Watch Tower
18:59 Watch Tower
19:03 Watch Tower
19:20 Watch Tower
23:03 Great Hall
23:12 Orc Burrow
23:16 Orc Burrow
24:34 Altar of Storms
26:05 Great Hall
27:20 Orc Burrow
27:49 Orc Burrow
33:37 Altar of Storms
33:41 Orc Burrow
» items
| Healing Salve | 2 | |
| Scroll of Town Portal | 1 | |
3 total
FiendOfOurDay (
green | 65 APM | 6906 actions | 107:03)
6 Crypt Lord
3 Carrion Beetles
3 Spiked Carapace
5 Death Knight
2 Death Coil
3 Unholy Aura
» actions
| Assign group hotkey | 234 | |
| Basic commands | 167 | |
| Build / train | 289 | |
| ESC pressed | 24 | |
| Enter build submenu | 76 | |
| Enter hero's abilities submenu | 12 | |
| Give item / drop item | 8 | |
| Right click | 2460 | |
| Select / deselect | 1018 | |
| Select group hotkey | 1904 | |
| Use ability | 713 | |
6906 total
» units
| Acolyte | 48 | |
| Ghoul | 7 | |
| Crypt Fiend | 14 | |
| Goblin Shredder | 6 | |
| Goblin Zeppelin | 12 | |
| Necromancer | 8 | |
| Meatwagon | 12 | |
| Gargoyle | 17 | |
| Frost Wyrm | 1 | |
125 total
» upgrades
| Creature Attack | 4 | |
| Creature Carapace | 3 | |
| Unholy Strength | 3 | |
| Web | 1 | |
| Unholy Armor | 3 | |
| Exhume Corpses | 1 | |
| Ghoul Frenzy | 1 | |
| Necromancer Training | 2 | |
| Skeletal Longevity | 1 | |
| Destroyer Form | 1 | |
| Banshee Training | 2 | |
| Disease Cloud | 1 | |
| Backpack | 1 | |
| Burrow | 1 | |
| Stone Form | 1 | |
| Freezing Breath | 1 | |
27 total
» buildings
| Graveyard | 2 | |
| Crypt | 6 | |
| Ziggurat | 32 | |
| Altar of Darkness | 3 | |
| Tomb of Relics | 3 | |
| Necropolis | 7 | |
| Halls of the Dead | 11 | |
| Nerubian Tower | 12 | |
| Spirit Tower | 28 | |
| Sacrificial Pit | 2 | |
| Slaughterhouse | 3 | |
| Temple of the Damned | 2 | |
| Black Citadel | 13 | |
| Boneyard | 2 | |
126 total
» build order
00:14 Graveyard
00:16 Crypt
00:37 Ziggurat
00:56 Altar of Darkness
01:13 Tomb of Relics
01:41 Ziggurat
05:02 Necropolis
05:37 Halls of the Dead
05:37 Halls of the Dead
05:37 Halls of the Dead
06:01 Nerubian Tower
06:01 Nerubian Tower
06:51 Ziggurat
06:54 Ziggurat
07:48 Nerubian Tower
07:48 Spirit Tower
08:03 Ziggurat
11:07 Sacrificial Pit
11:53 Necropolis
13:20 Spirit Tower
14:17 Slaughterhouse
14:19 Slaughterhouse
14:21 Slaughterhouse
14:22 Temple of the Damned
14:26 Temple of the Damned
16:00 Black Citadel
16:00 Black Citadel
16:00 Black Citadel
16:00 Black Citadel
17:12 Ziggurat
17:13 Ziggurat
19:20 Necropolis
19:40 Necropolis
21:27 Ziggurat
21:28 Ziggurat
21:29 Ziggurat
22:48 Necropolis
24:54 Spirit Tower
25:23 Tomb of Relics
25:53 Ziggurat
26:11 Ziggurat
26:12 Ziggurat
26:14 Ziggurat
27:03 Spirit Tower
27:03 Spirit Tower
27:04 Spirit Tower
27:04 Spirit Tower
27:05 Spirit Tower
27:48 Spirit Tower
29:19 Necropolis
31:10 Ziggurat
31:11 Ziggurat
31:13 Ziggurat
32:18 Halls of the Dead
33:31 Spirit Tower
34:36 Tomb of Relics
38:33 Black Citadel
39:33 Spirit Tower
39:33 Spirit Tower
41:22 Ziggurat
42:23 Spirit Tower
42:23 Spirit Tower
42:24 Ziggurat
42:25 Ziggurat
45:38 Ziggurat
45:40 Ziggurat
46:57 Spirit Tower
46:57 Spirit Tower
62:17 Nerubian Tower
62:17 Nerubian Tower
62:17 Nerubian Tower
62:17 Nerubian Tower
63:51 Ziggurat
63:52 Altar of Darkness
63:55 Ziggurat
63:59 Necropolis
79:15 Halls of the Dead
79:16 Halls of the Dead
79:16 Halls of the Dead
79:23 Altar of Darkness
79:26 Nerubian Tower
79:26 Nerubian Tower
87:18 Black Citadel
87:18 Black Citadel
87:18 Black Citadel
87:38 Sacrificial Pit
87:40 Crypt
87:42 Crypt
87:44 Crypt
87:47 Crypt
87:55 Crypt
87:59 Ziggurat
88:04 Ziggurat
88:07 Ziggurat
88:17 Ziggurat
88:45 Ziggurat
89:09 Graveyard
90:08 Boneyard
90:10 Boneyard
90:36 Ziggurat
91:57 Spirit Tower
91:58 Spirit Tower
94:49 Ziggurat
94:50 Ziggurat
106:55 Spirit Tower
» items
| Rod of Necromancy | 6 | |
| Potion of Healing | 1 | |
| Dust of Appearance | 1 | |
| Scroll of Town Portal | 12 | |
| Staff of Teleportation | 1 | |
| Potion of Lesser Invulnerability | 3 | |
| Periapt of Vitality | 3 | |
| Boots of Speed | 1 | |
| Orb of Corruption | 1 | |
| Scroll of Healing | 4 | |
33 total
BATHROOMBOY (
yellow | 43 APM | 4630 actions | 107:03)
8 Blademaster
3 Wind Walk
3 Critical Strike
1 Bladestorm
1 Mirror Image
9 Shadow Hunter
3 Hex
3 Healing Wave
1 Big Bad Voodoo
2 Serpent Ward
1 Crypt Lord
1 Locust Swarm
3 Beastmaster
2 Summon Hawk
1 Summon Bear
» actions
| Assign group hotkey | 124 | |
| Basic commands | 35 | |
| Build / train | 102 | |
| Enter build submenu | 26 | |
| Enter hero's abilities submenu | 21 | |
| Give item / drop item | 6 | |
| Right click | 1921 | |
| Select / deselect | 464 | |
| Select group hotkey | 1630 | |
| Use ability | 301 | |
4630 total
» units
| Peon | 15 | |
| Wind Rider | 5 | |
| Goblin Zeppelin | 4 | |
| Goblin Shredder | 1 | |
| Raider | 4 | |
29 total
» upgrades
| Reinforced Defenses | 1 | |
| Ranged Weapons | 2 | |
| Liquid Fire | 1 | |
| Ensnare | 1 | |
| Armor | 3 | |
| Melee Weapons | 2 | |
| Pillage | 1 | |
| Envenomed Spears | 1 | |
12 total
» buildings
| Altar of Storms | 1 | |
| Orc Burrow | 9 | |
| Voodoo Lounge | 1 | |
| War Mill | 2 | |
| Stronghold | 2 | |
| Watch Tower | 34 | |
| Beastiary | 4 | |
| Fortress | 1 | |
54 total
» build order
00:11 Altar of Storms
00:18 Orc Burrow
00:52 Voodoo Lounge
01:41 War Mill
02:34 Stronghold
02:51 Orc Burrow
02:51 Orc Burrow
02:52 Orc Burrow
03:55 Watch Tower
03:58 Watch Tower
04:33 Orc Burrow
05:02 Beastiary
05:08 Beastiary
05:50 Fortress
07:26 Watch Tower
07:26 Watch Tower
08:42 Orc Burrow
10:01 Watch Tower
12:16 Watch Tower
12:17 Watch Tower
12:17 Watch Tower
12:18 Watch Tower
13:22 Watch Tower
13:37 Watch Tower
13:51 Watch Tower
13:52 Watch Tower
13:53 Watch Tower
13:56 Watch Tower
14:25 Watch Tower
14:26 Watch Tower
14:29 Watch Tower
14:31 Watch Tower
14:31 Watch Tower
14:51 Watch Tower
14:52 Watch Tower
14:54 Watch Tower
14:54 Watch Tower
15:18 Beastiary
15:51 Watch Tower
15:52 Watch Tower
15:55 Watch Tower
15:56 Watch Tower
17:46 Watch Tower
17:46 Watch Tower
17:51 Watch Tower
17:52 Watch Tower
19:07 Beastiary
22:28 Stronghold
27:53 War Mill
32:35 Orc Burrow
32:35 Orc Burrow
32:35 Orc Burrow
» items
| Healing Salve | 5 | |
| Lesser Clarity Potion | 2 | |
| Staff of Teleportation | 3 | |
| Dust of Appearance | 2 | |
| Boots of Speed | 1 | |
| Tiny Great Hall | 1 | |
| Scroll of Town Portal | 10 | |
| Potion of Lesser Invulnerability | 2 | |
| Potion of Mana | 3 | |
| Orb of Lightning | 1 | |
30 total
team 2 (winner)

»
40.oztofreedom (
pink | 67 APM | 4865 actions | 72:41)
6 Beastmaster
3 Summon Bear
2 Summon Hawk
1 Stampede
5 Firelord
3 Summon Lava Spawn
2 Soul Burn
4 Far Seer
2 Feral Spirit
2 Chain Lighting
» actions
| Assign group hotkey | 411 | |
| Basic commands | 384 | |
| Build / train | 101 | |
| Enter build submenu | 40 | |
| Enter hero's abilities submenu | 15 | |
| Give item / drop item | 5 | |
| Right click | 1904 | |
| Select / deselect | 838 | |
| Select group hotkey | 837 | |
| Use ability | 330 | |
4865 total
» units
| Peon | 14 | |
| Grunt | 7 | |
| Tauren | 10 | |
| Troll Witch Doctor | 3 | |
| Spirit Walker | 3 | |
| Goblin Zeppelin | 1 | |
| Goblin Shredder | 1 | |
39 total
» upgrades
| Armor | 3 | |
| Melee Weapons | 4 | |
| Witch Doctor Training | 2 | |
| Pulverize | 1 | |
| Spirit Walker Training | 2 | |
| Reinforced Defenses | 1 | |
13 total
» buildings
| Altar of Storms | 2 | |
| Orc Burrow | 8 | |
| Barracks | 1 | |
| War Mill | 2 | |
| Stronghold | 1 | |
| Voodoo Lounge | 1 | |
| Spirit Lodge | 1 | |
| Fortress | 1 | |
| Great Hall | 2 | |
| Tauren Totem | 2 | |
| Watch Tower | 26 | |
47 total
» build order
00:06 Altar of Storms
00:08 Altar of Storms
00:11 Orc Burrow
00:53 Barracks
01:21 Orc Burrow
01:49 Orc Burrow
02:47 War Mill
03:22 Stronghold
03:55 Voodoo Lounge
04:23 Orc Burrow
06:01 Spirit Lodge
06:32 Fortress
07:35 Great Hall
08:14 Orc Burrow
09:00 Tauren Totem
09:47 Tauren Totem
14:48 Orc Burrow
15:36 Orc Burrow
16:08 War Mill
16:16 Great Hall
16:36 Orc Burrow
25:46 Watch Tower
25:47 Watch Tower
25:47 Watch Tower
25:49 Watch Tower
25:50 Watch Tower
25:50 Watch Tower
25:52 Watch Tower
25:53 Watch Tower
25:54 Watch Tower
25:58 Watch Tower
26:00 Watch Tower
31:09 Watch Tower
31:10 Watch Tower
31:12 Watch Tower
31:13 Watch Tower
31:14 Watch Tower
31:18 Watch Tower
31:19 Watch Tower
31:20 Watch Tower
31:20 Watch Tower
31:21 Watch Tower
31:26 Watch Tower
31:27 Watch Tower
31:27 Watch Tower
31:30 Watch Tower
31:30 Watch Tower
» items
| Lesser Clarity Potion | 7 | |
| Boots of Speed | 1 | |
| Scroll of Protection | 1 | |
| Potion of Lesser Invulnerability | 1 | |
| Orb of Lightning | 1 | |
| Scroll of Town Portal | 4 | |
| Healing Salve | 1 | |
16 total

»
MasterOfPoo (
teal | 38 APM | 2742 actions | 72:10)
5 Warden
3 Fan of Knives
2 Shadow Strike
4 Priestess of the Moon
2 Trueshot Aura
2 Searing Arrows
3 Keeper of the Grove
2 Thorns Aura
1 Entangling Roots
» actions
| Basic commands | 213 | |
| Build / train | 151 | |
| ESC pressed | 8 | |
| Enter build submenu | 58 | |
| Enter hero's abilities submenu | 12 | |
| Give item / drop item | 7 | |
| Right click | 1027 | |
| Select / deselect | 1061 | |
| Use ability | 203 | |
2742 total
» units
| Wisp | 74 | |
| Archer | 8 | |
| Goblin Zeppelin | 4 | |
| Dryad | 7 | |
| Mountain Giant | 6 | |
| Chimaera | 5 | |
104 total
» upgrades
| Strength of the Moon | 1 | |
| Strength of the Wild | 3 | |
| Reinforced Hides | 3 | |
| Moon Armor | 1 | |
| Abolish Magic | 1 | |
| Hardened Skin | 1 | |
| Resistant Skin | 1 | |
| Well Spring | 1 | |
12 total
» buildings
| Altar of Elders | 3 | |
| Moon Well | 10 | |
| Ancient of War | 2 | |
| Hunter's Hall | 1 | |
| Ancient Protector | 35 | |
| Ancient of Wonders | 1 | |
| Tree of Ages | 2 | |
| Tree of Life | 4 | |
| Ancient of Lore | 2 | |
| Tree of Eternity | 2 | |
| Ancient of Wind | 1 | |
| Chimaera Roost | 1 | |
64 total
» build order
00:10 Altar of Elders
00:17 Moon Well
00:19 Moon Well
00:20 Moon Well
00:21 Moon Well
01:13 Ancient of War
02:17 Ancient of War
03:27 Hunter's Hall
04:36 Ancient Protector
04:38 Ancient Protector
04:49 Ancient of Wonders
07:38 Tree of Ages
08:20 Tree of Life
08:41 Moon Well
08:42 Moon Well
08:43 Moon Well
08:44 Moon Well
10:11 Ancient of Lore
10:13 Ancient of Lore
12:00 Tree of Life
12:06 Tree of Eternity
14:00 Ancient Protector
14:04 Ancient Protector
14:10 Ancient Protector
14:28 Ancient Protector
16:07 Ancient Protector
16:13 Ancient Protector
16:18 Ancient Protector
16:25 Ancient Protector
16:36 Ancient Protector
17:49 Ancient Protector
23:58 Ancient Protector
24:39 Ancient Protector
24:52 Ancient Protector
25:23 Ancient Protector
25:39 Ancient Protector
26:07 Ancient Protector
26:10 Ancient Protector
26:13 Ancient Protector
26:48 Ancient Protector
26:51 Ancient Protector
27:36 Ancient Protector
27:51 Tree of Life
28:53 Ancient Protector
28:56 Ancient Protector
28:59 Ancient Protector
29:03 Ancient Protector
29:07 Ancient Protector
30:33 Ancient Protector
30:38 Ancient Protector
30:43 Ancient Protector
31:21 Tree of Life
31:42 Ancient Protector
31:45 Ancient Protector
36:52 Ancient Protector
37:03 Ancient Protector
40:01 Tree of Ages
42:24 Ancient of Wind
42:25 Tree of Eternity
44:51 Chimaera Roost
45:47 Altar of Elders
46:17 Altar of Elders
49:14 Moon Well
52:34 Moon Well
» items
| Orb of Fire | 1 | |
| Scroll of Town Portal | 7 | |
| Orb of Venom | 1 | |
| Orb of Lightning | 1 | |
10 total
TomahawkJam (
orange | 35 APM | 3763 actions | 106:31)
8 Blademaster
3 Wind Walk
3 Critical Strike
1 Bladestorm
1 Mirror Image
» actions
| Assign group hotkey | 7 | |
| Basic commands | 17 | |
| Build / train | 112 | |
| Enter build submenu | 43 | |
| Enter hero's abilities submenu | 8 | |
| Give item / drop item | 12 | |
| Remove unit from queue | 1 | |
| Right click | 2284 | |
| Select / deselect | 998 | |
| Select group hotkey | 1 | |
| Use ability | 280 | |
3763 total
» units
| Peon | 18 | |
| Troll Batrider | 17 | |
| Shaman | 10 | |
| Wind Rider | 3 | |
| Spirit Walker | 4 | |
52 total
» upgrades
| Ranged Weapons | 3 | |
| Liquid Fire | 1 | |
| Armor | 2 | |
| Shaman Training | 2 | |
| Envenomed Spears | 1 | |
| Reinforced Defenses | 1 | |
| Spirit Walker Training | 2 | |
| Spiked Barricades | 1 | |
13 total
» buildings
| Altar of Storms | 2 | |
| Orc Burrow | 8 | |
| Voodoo Lounge | 4 | |
| War Mill | 1 | |
| Stronghold | 1 | |
| Watch Tower | 13 | |
| Fortress | 1 | |
| Beastiary | 3 | |
| Great Hall | 2 | |
| Spirit Lodge | 2 | |
37 total
» build order
00:22 Altar of Storms
00:28 Orc Burrow
00:43 Voodoo Lounge
01:50 War Mill
02:40 Stronghold
02:58 Orc Burrow
03:14 Watch Tower
03:34 Orc Burrow
06:15 Fortress
06:18 Beastiary
06:19 Beastiary
08:51 Great Hall
10:21 Orc Burrow
11:36 Spirit Lodge
11:41 Orc Burrow
12:35 Watch Tower
14:28 Watch Tower
14:34 Voodoo Lounge
14:42 Watch Tower
17:04 Watch Tower
17:47 Spirit Lodge
17:57 Orc Burrow
17:59 Watch Tower
19:22 Watch Tower
19:25 Watch Tower
20:10 Watch Tower
20:11 Watch Tower
21:46 Watch Tower
25:51 Voodoo Lounge
26:07 Great Hall
27:40 Beastiary
27:54 Watch Tower
29:22 Watch Tower
30:49 Voodoo Lounge
30:57 Orc Burrow
80:14 Altar of Storms
80:49 Orc Burrow
» items
| Healing Salve | 4 | |
| Lesser Clarity Potion | 8 | |
| Scroll of Speed | 4 | |
| Dust of Appearance | 2 | |
| Circlet of Nobility | 1 | |
| Periapt of Vitality | 1 | |
| Staff of Teleportation | 1 | |
| Scroll of Town Portal | 4 | |
| Potion of Healing | 2 | |
| Orb of Lightning | 1 | |
28 total
GodsGiftToWar (
purple | 27 APM | 2899 actions | 107:04)
10 Archmage
3 Summon Water Elemental
3 Brilliance Aura
1 Mass Teleport
3 Blizzard
» actions
| Assign group hotkey | 31 | |
| Basic commands | 264 | |
| Build / train | 101 | |
| Enter build submenu | 75 | |
| Enter hero's abilities submenu | 10 | |
| Give item / drop item | 13 | |
| Remove unit from queue | 1 | |
| Right click | 1011 | |
| Select / deselect | 701 | |
| Select group hotkey | 461 | |
| Use ability | 231 | |
2899 total
» units
| Peasant | 13 | |
| Footman | 8 | |
| Goblin Shredder | 3 | |
| Gryphon Rider | 4 | |
| Blue Dragon | 11 | |
| Goblin Zeppelin | 2 | |
| Goblin Sapper | 3 | |
44 total
» upgrades
| Masonry | 3 | |
| Storm Hammers | 1 | |
| Swords | 3 | |
| Armor | 3 | |
| Animal War Training | 1 | |
| Cloud | 1 | |
| Magic Sentry | 1 | |
| Corrosive Breath | 1 | |
14 total
» buildings
| Altar of Kings | 1 | |
| Barracks | 1 | |
| Farm | 24 | |
| Keep | 1 | |
| Town Hall | 6 | |
| Lumber Mill | 2 | |
| Arcane Vault | 1 | |
| Scout Tower | 47 | |
| Castle | 1 | |
| Guard Tower | 10 | |
| Gryphon Aviary | 4 | |
| Blacksmith | 2 | |
| Arcane Sanctum | 1 | |
101 total
» build order
00:37 Altar of Kings
00:38 Barracks
00:50 Farm
00:54 Farm
01:04 Farm
01:44 Farm
02:11 Farm
02:12 Farm
03:59 Keep
04:11 Town Hall
04:20 Lumber Mill
05:20 Lumber Mill
05:25 Arcane Vault
05:37 Farm
05:47 Scout Tower
05:48 Scout Tower
05:50 Scout Tower
05:52 Scout Tower
05:54 Scout Tower
06:28 Castle
08:00 Town Hall
08:04 Scout Tower
08:05 Scout Tower
08:05 Scout Tower
08:05 Scout Tower
08:08 Scout Tower
08:09 Scout Tower
08:09 Scout Tower
08:10 Scout Tower
08:39 Guard Tower
08:50 Gryphon Aviary
08:54 Gryphon Aviary
08:57 Gryphon Aviary
08:59 Gryphon Aviary
09:02 Blacksmith
09:08 Blacksmith
09:26 Guard Tower
12:58 Scout Tower
12:58 Scout Tower
12:59 Scout Tower
13:00 Scout Tower
14:03 Guard Tower
14:05 Arcane Sanctum
17:04 Scout Tower
17:05 Scout Tower
17:06 Scout Tower
17:07 Scout Tower
17:10 Scout Tower
17:10 Scout Tower
17:11 Scout Tower
17:12 Scout Tower
21:39 Guard Tower
22:27 Farm
22:28 Farm
22:29 Farm
23:33 Town Hall
23:42 Scout Tower
23:43 Scout Tower
23:43 Scout Tower
23:45 Scout Tower
23:45 Scout Tower
23:46 Scout Tower
23:50 Scout Tower
23:53 Scout Tower
23:53 Scout Tower
24:12 Guard Tower
26:47 Farm
26:52 Guard Tower
32:09 Scout Tower
32:10 Scout Tower
32:11 Scout Tower
32:12 Scout Tower
32:20 Town Hall
34:13 Town Hall
34:46 Town Hall
34:49 Scout Tower
34:50 Scout Tower
34:50 Scout Tower
34:50 Scout Tower
34:53 Scout Tower
34:54 Scout Tower
34:56 Scout Tower
34:59 Scout Tower
35:28 Guard Tower
35:32 Guard Tower
35:33 Scout Tower
35:58 Guard Tower
37:43 Guard Tower
57:29 Farm
57:31 Farm
57:33 Farm
57:55 Farm
58:00 Farm
64:32 Farm
64:35 Farm
64:39 Farm
64:40 Farm
64:42 Farm
64:43 Farm
64:44 Farm
64:45 Farm
» items
| Scroll of Regeneration | 6 | |
| Potion of Healing | 2 | |
| Scroll of Town Portal | 2 | |
| Periapt of Vitality | 4 | |
| Staff of Teleportation | 2 | |
| Boots of Speed | 1 | |
| Potion of Lesser Invulnerability | 2 | |
19 total
Chat log
(00:06 / All) FiendOfOurDay: OKAY YOU FUCKERS
(00:11 / All) FiendOfOurDay: READY TO SEE THE MASTER OF THE CRYPTS
(00:17 / All) 40.oztofreedom: sure
(00:21 / All) FiendOfOurDay: I AM THE FIEND OF OUR DAY
(00:25 / All) 40.oztofreedom: ok
(00:26 / All) FiendOfOurDay: I WILL DOMINATE ALL YE WITH A CRYPT LORD
(00:30 / All) MasterOfPoo: want to see my cock?
(00:37 / All) BATHROOMBOY: whys he being meen to us
(00:39 / Allies) 40.oztofreedom: i got all summons/melee
(00:42 / All) FiendOfOurDay: YES I DO
(00:43 / All) GodsGiftToWar: what breed is it
(00:44 / All) FiendOfOurDay: ON THE FLOOR
(00:45 / All) FiendOfOurDay: CUT OFF
(00:46 / All) FiendOfOurDay: YOU FUCKWIT
(00:55 / All) MasterOfPoo: well you can see my cock on the floor
(00:56 / Allies) TomahawkJam: bats
(00:58 / All) MasterOfPoo: sorry...
(01:01 / All) FiendOfOurDay: GOOD
(01:04 / All) BATHROOMBOY: why would ur cock be on the floor
(01:04 / All) FiendOfOurDay: AS LONG AS IT'S OFF
(01:07 / All) FiendOfOurDay: TO BE BLEEDING
(01:08 / All) FiendOfOurDay: CASTRATE YOU
(01:10 / All) GodsGiftToWar: I'm a cock farmer
(01:14 / All) GodsGiftToWar: I breed lots of cocks
(01:22 / Allies) MasterOfPoo: dryad mg
(01:33 / All) GodsGiftToWar: I like big breasted hens
(01:38 / All) GodsGiftToWar: Sell good on the market
(01:41 / All) TomahawkJam: gotta take a shit
(01:52 / All) MasterOfPoo: shit on greens mom
(01:54 / All) MasterOfPoo: i do it..
(01:57 / All) BATHROOMBOY: so do i lol
(02:05 / All) MasterOfPoo: village bicycle..
(02:11 / All) BATHROOMBOY: i dont ge tit
(02:14 / All) FiendOfOurDay: YOU FUCKERS, NO WONDER YOU TURNED TO SCAT AFTER I WILL CASTRATE YOU
(02:19 / All) FiendOfOurDay: YOU KNOW YOu'll NEED ALTERNATIVE SEX
(02:21 / All) FiendOfOurDay: WHEN I AM DONE WITH YOU
(02:22 / All) FiendOfOurDay: BITCH
(02:28 / All) MasterOfPoo: we angered it
(02:32 / All) MasterOfPoo: its so adorable! awww
(02:38 / All) FiendOfOurDay: lawl
(02:41 / All) FiendOfOurDay: I ain't mad
(02:55 / All) MasterOfPoo: ur mad brah
(02:59 / Allies) 40.oztofreedom: ?
(03:01 / Allies) MasterOfPoo: what u see?
(03:04 / All) TomahawkJam: yellow haarassing
(03:08 / Allies) 40.oztofreedom: k
(03:09 / All) FiendOfOurDay: I quiver in fear, I am in rage, I am being tormented
(03:11 / Allies) MasterOfPoo: with a crypt lord?
(03:14 / All) FiendOfOurDay: I cannot focus
(03:16 / All) FiendOfOurDay: I'm shaking man
(04:04 / All) FiendOfOurDay: I SEE YOU BECAUSE I AM MAPHACKING FUCKER
(04:05 / All) GodsGiftToWar: aw shit lost a foot
(04:27 / Allies) GodsGiftToWar: gold?
(04:27 / All) FiendOfOurDay: OUT
(04:37 / All) FiendOfOurDay: LEVEl1 HARASS FAG
(04:39 / Allies) GodsGiftToWar: gold
(05:07 / All) TomahawkJam: LOL
(05:11 / All) FiendOfOurDay: It's level 1
(05:15 / All) FiendOfOurDay: No loss fucker
(05:26 / All) FiendOfOurDay: It's fucked 1 bm can do so much damage
(07:09 / All) TomahawkJam: lol
(07:17 / All) FiendOfOurDay: Nice tp faggot
(07:36 / All) FiendOfOurDay: the worst part is you proabbly think you're good playing harass at level 1
(07:43 / All) BATHROOMBOY: melol
(07:44 / All) TomahawkJam: im lvl 2 thanks to you
(07:45 / All) TomahawkJam: almost 3
(07:52 / All) FiendOfOurDay: Grats you could be 3 by now
(07:57 / All) FiendOfOurDay: if you crept
(07:59 / All) FiendOfOurDay: and you could have an expo
(08:00 / All) TomahawkJam: but ur still at 1 :)
(08:01 / All) FiendOfOurDay: but you have none
(08:05 / All) FiendOfOurDay: No
(08:17 / All) FiendOfOurDay: Faggot took my pendant
(08:21 / All) FiendOfOurDay: and zeppelin
(08:59 / All) FiendOfOurDay: man ghouls are such shit
(09:02 / All) FiendOfOurDay: 2 food per harvester
(09:13 / Allies) GodsGiftToWar: lumbers
(09:14 / All) MasterOfPoo: man green..
(09:20 / All) FiendOfOurDay: What
(09:21 / All) FiendOfOurDay: Speak up fag
(09:29 / All) MasterOfPoo: your a load your mother should have swalloed
(09:32 / All) MasterOfPoo: swallowed*
(09:34 / All) FiendOfOurDay: lol
(09:49 / All) MasterOfPoo: god damn
(10:02 / All) FiendOfOurDay: I'm level 3 how about you orange?
(10:07 / All) FiendOfOurDay: oh you're 3 too
(10:11 / All) TomahawkJam: almost lvl 4
(10:17 / All) FiendOfOurDay: no
(10:24 / All) FiendOfOurDay: You are like 1/4th
(10:55 / All) TomahawkJam: lol @ yellow
(11:00 / All) BATHROOMBOY: what
(11:15 / All) TomahawkJam: your poor attempt to kill my hero
(11:26 / All) FiendOfOurDay: These fuckers are cocky
(11:27 / Allies) 40.oztofreedom: lumber plz
(11:35 / All) BATHROOMBOY: not really .1 more sec and ur dumbass would have been dead again
(11:36 / Allies) 40.oztofreedom: control plz
(11:59 / Allies) TomahawkJam: u guys ready to end these maphacking fags?
(12:07 / Allies) 40.oztofreedom: i need liukmber
(12:12 / Allies) 40.oztofreedom: so once i get that
(12:13 / Allies) 40.oztofreedom: sure
(12:57 / Allies) MasterOfPoo: wow purple
(12:59 / Allies) MasterOfPoo: 4k gold?
(13:05 / All) TomahawkJam: lol
(13:09 / All) BATHROOMBOY: ur so hacking faggot
(13:10 / All) FiendOfOurDay: I got a tp anyway fag
(13:17 / All) FiendOfOurDay: Nice mh
(13:30 / All) FiendOfOurDay: orange is 100% mh
(13:31 / All) BATHROOMBOY: ed?
(13:33 / All) FiendOfOurDay: mhing fag
(13:57 / All) TomahawkJam: i thought the same for you green
(14:44 / All) GodsGiftToWar: Why don't you jsut go on and get out blue?
(14:48 / Allies) MasterOfPoo: purple ill use ur gold..
(15:30 / All) MasterOfPoo: really green?
(15:34 / All) FiendOfOurDay: Yes
(15:48 / All) MasterOfPoo: for fucking ur mom?
(16:14 / All) TomahawkJam: haha
(16:18 / All) FiendOfOurDay: This game is pretty gay against another mher
(16:20 / All) FiendOfOurDay: guess I can just sit it out
(16:27 / All) MasterOfPoo: go cry
(16:27 / All) FiendOfOurDay: least inveitable you get the loss
(16:28 / All) TomahawkJam: seriously aint mh
(16:29 / All) FiendOfOurDay: 100% sure
(16:33 / All) TomahawkJam: its easy to predict noobs moves
(16:39 / Allies) MasterOfPoo: are u orange?
(16:43 / All) FiendOfOurDay: Man I'm half AFK playing this game and doing as good as you
(16:45 / Allies) MasterOfPoo: dont care if u are
(16:46 / Allies) TomahawkJam: no i dont mh
(16:47 / Allies) TomahawkJam: too boring
(17:01 / All) MasterOfPoo: green is a moron
(17:01 / All) BATHROOMBOY: yes
(17:07 / All) MasterOfPoo: who cant get over the fact i fucked his mom
(17:08 / All) FiendOfOurDay: lawl I've pissed them off
(17:17 / All) FiendOfOurDay: Did you come up with that one yourself?
(17:33 / All) MasterOfPoo: Come up.. implies its fake.. not real
(17:35 / All) MasterOfPoo: i did fuck ur mom
(17:42 / All) FiendOfOurDay: Do you like trannies?
(17:49 / All) 40.oztofreedom: shut up plz
(17:51 / All) MasterOfPoo: yep
(18:00 / All) FiendOfOurDay: How degenerate
(18:01 / All) MasterOfPoo: its fun to toy with retards pink
(18:04 / All) FiendOfOurDay: My mom is trans
(18:07 / All) FiendOfOurDay: You must like dick a lot
(18:15 / All) MasterOfPoo: doubt it ;) trannies no have the children princess
(18:16 / All) FiendOfOurDay: Hi pink
(18:33 / All) FiendOfOurDay: The children princess?
(18:34 / Allies) 40.oztofreedom: what are you guys doing
(18:35 / All) FiendOfOurDay: What's that
(18:40 / Allies) TomahawkJam: \im ready
(18:44 / Allies) MasterOfPoo: where we meeting?
(19:00 / Allies) TomahawkJam: purps not coming is he?
(19:03 / Allies) TomahawkJam: 3 this side
(19:06 / Allies) TomahawkJam: let purple do his thing
(19:11 / All) 40.oztofreedom: lol purple makes me laugh
(19:17 / Allies) 40.oztofreedom: u need more bats bro
(19:20 / All) MasterOfPoo: greens baby dick makes me laugh
(19:21 / Allies) 40.oztofreedom: wow
(19:30 / All) 40.oztofreedom: between oj and purp
(19:31 / All) 40.oztofreedom: i think
(19:34 / All) 40.oztofreedom: 15k gold
(19:44 / Allies) MasterOfPoo: wow ...
(19:47 / Allies) TomahawkJam: doesnt matteer i back my shit up
(19:52 / Allies) 40.oztofreedom: gfet more bats man
(19:57 / Allies) TomahawkJam: i dont like going into high upkeep
(20:42 / All) BATHROOMBOY: out
(20:44 / All) BATHROOMBOY: niggas
(20:58 / All) FiendOfOurDay: Easy peasy lemon squeezy
(21:00 / All) FiendOfOurDay: Are you mad
(21:09 / Allies) MasterOfPoo: purple
(21:10 / Allies) MasterOfPoo: ur so bad
(21:13 / All) BATHROOMBOY: yes oj u hack u dumb nigger
(21:22 / All) FiendOfOurDay: Dumb hack nigga get lynched yo
(21:30 / Allies) TomahawkJam: dont need to
(21:38 / All) TomahawkJam: dont need to hackl
(21:51 / Allies) MasterOfPoo: SPEND UR GOLD PURPLE
(22:00 / Allies) TomahawkJam: holy shit
(22:03 / Allies) TomahawkJam: does he have an army?
(22:09 / Allies) GodsGiftToWar: I just kill blue's base
(22:10 / Allies) MasterOfPoo: no..
(22:12 / Allies) GodsGiftToWar: and killed red's gold mine
(22:14 / Allies) GodsGiftToWar: stfu
(22:15 / Allies) 40.oztofreedom: orange
(22:16 / Allies) MasterOfPoo: you have 15k gold
(22:17 / Allies) 40.oztofreedom: just mass bats
(22:18 / Allies) 40.oztofreedom: please
(22:27 / Allies) MasterOfPoo: i have never seen that
(22:27 / Allies) MasterOfPoo: ever
(22:28 / Allies) TomahawkJam: cover melee pink
(22:30 / Allies) TomahawkJam: get walkers too
(22:38 / Allies) 40.oztofreedom: i have walkers
(22:46 / Allies) 40.oztofreedom: nice dragon lol
(22:46 / Allies) TomahawkJam: we cant lose ur base pink
(22:48 / Allies) TomahawkJam: we need taurens
(22:55 / Allies) 40.oztofreedom: then hurry up with bats
(23:02 / Allies) TomahawkJam: i got them
(23:05 / Allies) TomahawkJam: just need melee
(23:06 / Allies) 40.oztofreedom: then b ready to tp
(24:16 / All) TomahawkJam: stupid yellow
(24:23 / All) TomahawkJam: now waste ur gold
(24:40 / All) BATHROOMBOY: nope have 2 zeps
(24:59 / All) FiendOfOurDay: Yeah ping my new expo
(25:25 / Allies) 40.oztofreedom: teal..
(25:29 / Allies) 40.oztofreedom: can u even get out
(25:36 / Allies) MasterOfPoo: ill be fine
(25:39 / Allies) 40.oztofreedom: ok
(25:52 / Allies) TomahawkJam: nered wood
(26:42 / All) BATHROOMBOY: owned
(26:43 / All) FiendOfOurDay: nice try
(26:45 / All) FiendOfOurDay: RAPED
(26:46 / All) FiendOfOurDay: GET FUCKED BITCH
(26:53 / All) TomahawkJam: owned i dont ever lose my hero unlike u nab
(26:55 / Allies) 40.oztofreedom: lol 20k
(26:56 / Allies) 40.oztofreedom: hahaha
(26:59 / All) FiendOfOurDay: lost it once bitch
(27:32 / Allies) TomahawkJam: thx for securing our victory purp
(27:37 / Allies) 40.oztofreedom: haha
(27:42 / Allies) 40.oztofreedom: he might have
(28:14 / Allies) MasterOfPoo: even though purp hjas 0 clue
(28:59 / All) GodsGiftToWar: blue's the best
(29:00 / All) GodsGiftToWar: THE BEST
(29:16 / Allies) MasterOfPoo: ur shit purple shutup
(29:25 / All) GodsGiftToWar: lol
(29:32 / Allies) MasterOfPoo: u have 20k gold
(29:36 / Allies) MasterOfPoo: why cant u give that to anyone?
(29:40 / All) GodsGiftToWar: teal says I'm shit cuz I have 20k
(29:46 / All) MasterOfPoo: yea
(29:47 / All) FiendOfOurDay: ud so slow without unholy aura
(29:54 / Allies) GodsGiftToWar: because I earned it with hard work and the industriousness of my peasants
(29:58 / Allies) 40.oztofreedom: forget your base
(30:06 / All) MasterOfPoo: that u let it sit there?
(30:08 / All) MasterOfPoo: thats smart..
(30:44 / Allies) TomahawkJam: sorry
(31:40 / All) BATHROOMBOY: ur added to the tk list teal
(31:42 / All) BATHROOMBOY: ur ally clearly hacks
(31:44 / All) BATHROOMBOY: u nigger
(31:53 / All) MasterOfPoo: i hack?
(31:54 / All) MasterOfPoo: really?
(31:58 / All) BATHROOMBOY: DID I SAY U
(32:00 / All) BATHROOMBOY: NIGGER
(32:02 / All) BATHROOMBOY: I SAID UR ALLY
(32:02 / All) MasterOfPoo: u said teal//
(32:15 / All) MasterOfPoo: u said teal u dumb shit
(32:18 / All) BATHROOMBOY: U ARE ADDED TO THE TK LIST FOR NOT KILLING UR HACKING ALLY
(32:23 / All) BATHROOMBOY: l2 read
(32:26 / All) MasterOfPoo: my ally doesnt hack
(32:27 / All) MasterOfPoo: ur stupid
(32:39 / All) BATHROOMBOY: hes been hacking all game
(32:46 / All) MasterOfPoo: whats it like knowing ur IQ is 5 yellow..
(32:53 / All) TomahawkJam: gg nabs
(33:03 / All) MasterOfPoo: so my ally is hacking
(33:07 / All) MasterOfPoo: yet u never tked Green
(33:08 / All) MasterOfPoo: For hacking
(33:20 / All) MasterOfPoo: get some logic dumb shit
(33:56 / All) BATHROOMBOY: but u wouldnt tk oj if green wasnt hacking
(33:58 / All) BATHROOMBOY: that is the logic
(33:59 / All) BATHROOMBOY: dumbshit
(34:06 / All) MasterOfPoo: took u long to come up with that
(34:16 / All) MasterOfPoo: i wouldnt tk oj period
(34:17 / All) MasterOfPoo: he didnt hack
(34:29 / All) BATHROOMBOY: like i said ur added to the list
(34:33 / All) MasterOfPoo: go for it
(34:36 / All) MasterOfPoo: ur an idiot anyways
(34:41 / Allies) TomahawkJam: CL
(34:44 / All) TomahawkJam: b
(35:00 / All) BATHROOMBOY: raped faggot
(35:08 / All) FiendOfOurDay: This was a fun as heck game
(35:11 / All) MasterOfPoo: Cryyyyyyyy baby
(35:18 / All) MasterOfPoo: call the wambulance yellow crying
(35:22 / All) BATHROOMBOY: U MAD
(35:24 / All) BATHROOMBOY: CUZ U BAD LOL
(35:33 / All) MasterOfPoo: ur mad cause i keep calling u an idiot
(35:37 / All) MasterOfPoo: orange doesnt hack
(35:39 / All) MasterOfPoo: you are stupid!
(35:45 / All) BATHROOMBOY: i already know im an idiot ask green or purp
(35:50 / All) FiendOfOurDay: lawl
(35:52 / Allies) 40.oztofreedom: oj
(35:54 / Allies) 40.oztofreedom: u know u got stuff righ
(35:58 / Allies) 40.oztofreedom: purp
(36:02 / Allies) 40.oztofreedom: can i get 400
(36:04 / Allies) TomahawkJam: yeah but its dangerous walk up here
(36:09 / Allies) TomahawkJam: those units could get jacked
(36:22 / Allies) MasterOfPoo: ill give anyone gold
(36:32 / Allies) 40.oztofreedom: me
(36:32 / Allies) 40.oztofreedom: plz
(36:33 / Allies) 40.oztofreedom: lol
(36:33 / Allies) 40.oztofreedom: 400
(36:54 / All) TomahawkJam: lol purples massing dragons
(37:03 / All) BATHROOMBOY: fuck up hacker
(37:05 / All) FiendOfOurDay: I know it's his playstyle
(37:14 / All) MasterOfPoo: yellow
(37:17 / All) MasterOfPoo: orange doesnt hack
(37:19 / All) MasterOfPoo: u know that
(37:20 / All) MasterOfPoo: right?
(37:24 / All) FiendOfOurDay: YES HE DOEs
(37:26 / All) FiendOfOurDay: MHING TRACK ON OUR LIST
(37:27 / All) FiendOfOurDay: FUCKER
(37:29 / All) FiendOfOurDay: I HATE MHERS
(37:29 / All) FiendOfOurDay: OMFG
(37:35 / All) BATHROOMBOY: he only kamikazed zepplins 10 times at the perfect timing and hit expos at the perfect timing
(37:40 / All) TomahawkJam: but i dont hack
(37:46 / All) TomahawkJam: its because like i said
(37:50 / All) TomahawkJam: your moves are predictable
(37:55 / All) BATHROOMBOY: green has hack detection it said oj hacked
(38:04 / All) MasterOfPoo: green also has a baby dick
(38:05 / All) FiendOfOurDay: MH DETECTION DLL YO
(38:06 / All) TomahawkJam: and u believe green...why?
(38:30 / All) TomahawkJam: ive held units in purps base
(38:37 / All) TomahawkJam: because i cant see where u guys r
(38:39 / All) TomahawkJam: i left them there
(39:47 / Allies) MasterOfPoo: wheres purpls dragons?
(39:51 / Allies) MasterOfPoo: nvm
(40:55 / Allies) TomahawkJam: lol
(41:30 / All) GodsGiftToWar: You're in big trouble
(41:44 / Allies) MasterOfPoo: purple can you hurry up and win this game
(41:50 / All) BATHROOMBOY: nice bat use dumbshit
(41:59 / All) GodsGiftToWar: did that kill all of his heroes?
(42:00 / All) GodsGiftToWar: LOL
(42:04 / All) GodsGiftToWar: LOL
(42:09 / All) TomahawkJam: im sorry yellow whos taking the lost this game again?
(42:29 / All) BATHROOMBOY: yes
(43:13 / All) TomahawkJam: nice mh green
(43:18 / Allies) 40.oztofreedom: tela
(43:20 / All) FiendOfOurDay: I told you I had it multiple times dumbass
(43:20 / Allies) 40.oztofreedom: gold me?
(43:30 / All) TomahawkJam: just complimenting u
(43:35 / All) TomahawkJam: of course u still lose whilst cheating
(43:36 / All) FiendOfOurDay: O H OK
(43:37 / All) FiendOfOurDay: TY
(43:42 / All) FiendOfOurDay: LOL
(43:44 / All) FiendOfOurDay: HE THINKS HE WON
(44:40 / Allies) 40.oztofreedom: can i get like
(44:42 / Allies) 40.oztofreedom: 600 gold
(44:43 / Allies) 40.oztofreedom: pelase
(44:48 / Allies) 40.oztofreedom: someone
(44:54 / Allies) 40.oztofreedom: ty
(44:56 / Allies) TomahawkJam: i have 3
(44:57 / Allies) 40.oztofreedom: PURPLE
(44:58 / Allies) 40.oztofreedom: PLEASE
(45:03 / Allies) 40.oztofreedom: FOR THE LOVE OF GOD
(45:06 / Allies) 40.oztofreedom: CAN WE FINISH THIS GAME
(45:10 / Allies) TomahawkJam: purple u ready to end this
(45:20 / All) MasterOfPoo: yellow
(45:25 / All) MasterOfPoo: still gonna backstab me in future games?
(45:26 / All) FiendOfOurDay: Why do you keep begging purple?
(45:27 / All) GodsGiftToWar: I plan to get 11 dragons
(45:29 / All) FiendOfOurDay: I have chathack dumbass
(45:31 / All) FiendOfOurDay: It's hilarious
(45:34 / All) BATHROOMBOY: naw ill prob forget u
(45:38 / All) GodsGiftToWar: Kiss my ass I ain't ending shit until it's done, dweebs
(45:42 / All) BATHROOMBOY: u arent memorable
(45:45 / All) 40.oztofreedom: GUYS
(45:46 / Allies) 40.oztofreedom: GREEN
(45:47 / All) 40.oztofreedom: PLEASE
(45:50 / All) 40.oztofreedom: GREEN
(45:51 / All) 40.oztofreedom: LEAVE
(45:52 / All) 40.oztofreedom: YELLOW
(45:53 / All) 40.oztofreedom: LEAVE
(45:55 / All) FiendOfOurDay: lol
(45:55 / All) TomahawkJam: if u have mh why did u let ur hero get killed at beg of game?
(45:56 / All) FiendOfOurDay: We won though
(45:58 / All) FiendOfOurDay: Why would we leave
(46:02 / All) FiendOfOurDay: I want my icon
(46:04 / All) FiendOfOurDay: So I can join a clan
(46:31 / Allies) GodsGiftToWar: Gold please
(46:36 / Allies) GodsGiftToWar: Lumber
(46:42 / Allies) 40.oztofreedom: TEAL
(46:44 / Allies) 40.oztofreedom: more gold please
(46:57 / Allies) 40.oztofreedom: more
(46:57 / Allies) 40.oztofreedom: lol
(46:59 / All) GodsGiftToWar: How did I get stuck with the noobs
(46:59 / Allies) MasterOfPoo: hero
(47:00 / Allies) MasterOfPoo: out
(47:06 / All) BATHROOMBOY: lol
(47:07 / All) BATHROOMBOY: im missing
(47:08 / All) BATHROOMBOY: the fucking
(47:10 / All) FiendOfOurDay: I bet they aren't 1/4th as good as us
(47:11 / All) BATHROOMBOY: packer cardinal game
(47:22 / All) GodsGiftToWar: Preseason is big deal
(47:29 / Allies) 40.oztofreedom: teal
(47:32 / Allies) 40.oztofreedom: why dont you get mass chims
(47:39 / Allies) MasterOfPoo: ..... u took the rest of my gold..
(47:43 / Allies) 40.oztofreedom: ah lol
(48:19 / All) 40.oztofreedom: someone download maphack
(48:22 / All) 40.oztofreedom: i mean drophack
(48:24 / All) 40.oztofreedom: and drop purp
(48:27 / All) FiendOfOurDay: lol
(48:36 / All) FiendOfOurDay: I told you that you lost at the start
(48:39 / All) FiendOfOurDay: you guys are oblivious
(48:45 / All) BATHROOMBOY: my pops is mad i aint watching game with u guys
(48:50 / All) 40.oztofreedom: you arent gonna beat us
(48:51 / All) 40.oztofreedom: lol
(48:51 / All) FiendOfOurDay: You struggled this long in vain
(48:55 / All) FiendOfOurDay: Yes we are
(49:05 / All) FiendOfOurDay: but you stil haven't even realised it
(49:12 / All) TomahawkJam: finally u get a shade
(49:32 / All) 40.oztofreedom: Yellow
(49:33 / All) 40.oztofreedom: come at me
(49:44 / All) BATHROOMBOY: no thank u im going afk and giving gren control
(49:52 / Allies) TomahawkJam: purp may i ask when you will be ready
(50:01 / Allies) GodsGiftToWar: Certainly
(50:05 / All) BATHROOMBOY: afk hos
(50:16 / Allies) GodsGiftToWar: Pink has astutely answered the question for you
(50:20 / Allies) MasterOfPoo: why 11
(50:22 / Allies) MasterOfPoo: and why so long
(50:25 / Allies) 40.oztofreedom: because its a full batallion
(50:29 / Allies) GodsGiftToWar: So that I have a full control group with my hero
(50:45 / Allies) TomahawkJam: may i ask why you are destorying towers that can still have value
(50:53 / Allies) GodsGiftToWar: They're eye sores
(51:08 / Allies) GodsGiftToWar: They've served their purpose, time to retire them
(51:15 / Allies) TomahawkJam: haha
(51:21 / Allies) TomahawkJam: i wish i could bl ur dragons
(51:49 / Allies) TomahawkJam: no
(51:51 / Allies) TomahawkJam: careful
(52:00 / Allies) TomahawkJam: they have shade
(53:00 / Allies) TomahawkJam: yellows at his base
(53:32 / All) TomahawkJam: this is going to a be a long one b4 purps ready
(53:37 / All) TomahawkJam: going to make a sandwich
(53:44 / All) FiendOfOurDay: I might go AFK too I got nothing to do
(53:55 / All) TomahawkJam: you guys could just yanno quit
(53:57 / Allies) 40.oztofreedom: oj
(54:00 / Allies) 40.oztofreedom: lets do some dmg
(54:05 / Allies) 40.oztofreedom: needexp
(54:19 / Allies) TomahawkJam: main
(54:23 / Allies) TomahawkJam: send ur creeps in
(54:30 / Allies) TomahawkJam: go for main
(55:50 / Allies) TomahawkJam: dude pink if u get all ur heroes to lvl 6 we can take mains so easily
(55:54 / Allies) TomahawkJam: with my hero as well
(55:55 / Allies) 40.oztofreedom: i know
(55:57 / Allies) 40.oztofreedom: im trying lol
(56:21 / Allies) TomahawkJam: purp uve run out of gold :)
(56:28 / Allies) GodsGiftToWar: I got lots left
(56:46 / Allies) 40.oztofreedom: i need mana
(56:53 / Allies) 40.oztofreedom: how did u get enough gold teal
(57:00 / Allies) MasterOfPoo: i had alot saved
(57:11 / Allies) TomahawkJam: he didnt go into high upkeeep unlike some ppl
(57:14 / Allies) 40.oztofreedom: lol
(57:26 / Allies) MasterOfPoo: sold a few items
(57:35 / Allies) 40.oztofreedom: use!!
(57:36 / Allies) MasterOfPoo: wanna go there next?
(57:48 / Allies) MasterOfPoo: i dont know where they are
(58:03 / Allies) 40.oztofreedom: hes afk
(58:05 / All) TomahawkJam: how many bats would it take to kill 11 dragons?
(58:05 / Allies) 40.oztofreedom: units
(58:17 / All) GodsGiftToWar: more than you could shake a stick at
(58:28 / Allies) MasterOfPoo: hold on
(59:20 / All) FiendOfOurDay: this game is getting boring why can't you let me afk in peace
(59:25 / Allies) 40.oztofreedom: almost 6 firelord
(59:29 / All) 40.oztofreedom: lol
(59:36 / All) FiendOfOurDay: I was alt tabbed
(60:03 / All) TomahawkJam: here purp this should help fund your cause
(60:12 / All) GodsGiftToWar: That's a rainbow nation up there
(60:16 / All) TomahawkJam: haha
(60:20 / All) GodsGiftToWar: governed by green, with buildings from each of them
(60:32 / All) BATHROOMBOY: stupid ass packers keep running it
(60:36 / All) BATHROOMBOY: ok afk again
(60:42 / All) GodsGiftToWar: All their refugees huddled in shanty towns
(61:03 / Allies) 40.oztofreedom: purp
(61:06 / Allies) 40.oztofreedom: better hurry up
(61:11 / Allies) 40.oztofreedom: we';re goona win without you
(61:16 / Allies) GodsGiftToWar: I don't think
(61:17 / Allies) GodsGiftToWar: so
(61:19 / Allies) TomahawkJam: yeah
(61:22 / Allies) 40.oztofreedom: i do
(61:22 / Allies) TomahawkJam: we will get slaughtered
(61:33 / All) TomahawkJam: lol
(62:15 / Allies) TomahawkJam: aww dammit
(62:19 / Allies) 40.oztofreedom: how?
(62:32 / All) TomahawkJam: well purple has retired my hero into the graveyard
(62:34 / Allies) MasterOfPoo: purp is so hell
(62:39 / All) FiendOfOurDay: finally told you
(62:41 / Allies) MasterOfPoo: on 11 dragons
(62:51 / Allies) MasterOfPoo: fine purp want to compromise
(62:55 / Allies) MasterOfPoo: let me kill yellows expo
(62:57 / Allies) MasterOfPoo: u get his main
(63:08 / Allies) MasterOfPoo: deal?
(63:21 / All) GodsGiftToWar: Game ends on my terms, no one elses
(63:26 / All) TomahawkJam: LOL
(63:47 / All) TomahawkJam: what if everyone quits...then its not your terms
(63:48 / All) MasterOfPoo: thats fine
(63:53 / All) MasterOfPoo: i just want yellows expo
(64:14 / All) GodsGiftToWar: You all want this win more than a fat kid want's cookie dough ice cream
(64:20 / All) FiendOfOurDay: They tried real har
(64:22 / All) FiendOfOurDay: d
(64:24 / All) FiendOfOurDay: but for nothing
(64:37 / Allies) 40.oztofreedom: purple
(64:45 / Allies) MasterOfPoo: ?
(64:52 / Allies) 40.oztofreedom: just so you know
(64:56 / Allies) 40.oztofreedom: if i ever see you again
(64:57 / Allies) 40.oztofreedom: i will tk
(64:58 / Allies) 40.oztofreedom: you
(65:00 / Allies) 40.oztofreedom: always
(65:01 / Allies) 40.oztofreedom: and forever
(65:02 / Allies) GodsGiftToWar: That's what they all say
(65:09 / Allies) TomahawkJam: I wont purp
(65:10 / Allies) MasterOfPoo: look at his acct
(65:13 / Allies) MasterOfPoo: hes gonna make another
(65:14 / All) GodsGiftToWar: You can't get over on god's gift to Warcraft 3
(65:32 / Allies) MasterOfPoo: he can kill the main
(65:35 / Allies) MasterOfPoo: i just want yellows
(66:20 / Allies) TomahawkJam: no teal!
(66:38 / All) BATHROOMBOY: where ur kotg bro lol
(66:43 / All) MasterOfPoo: dunno
(66:45 / All) MasterOfPoo: hey yellow
(66:46 / All) MasterOfPoo: u mad?
(67:00 / All) BATHROOMBOY: yes i would be made i raped ur hero for the tenth time
(67:05 / Allies) TomahawkJam: if only you could turn off the option to mass tele to my hero :/
(67:18 / All) MasterOfPoo: think u have killed my hero 3 times lol
(67:27 / All) BATHROOMBOY: ten times
(67:34 / All) MasterOfPoo: cant count?
(67:53 / Allies) TomahawkJam: u bsing too now pink :)
(67:57 / Allies) 40.oztofreedom: yea
(67:58 / Allies) 40.oztofreedom: i am
(68:01 / Allies) 40.oztofreedom: im pissed off
(68:08 / Allies) TomahawkJam: why lol
(68:09 / Allies) MasterOfPoo: L*
(68:11 / Allies) TomahawkJam: just a game
(68:11 / Allies) MasterOfPoo: :9
(68:15 / Allies) GodsGiftToWar: Suck it up and dry your eyes little baby
(68:16 / Allies) 40.oztofreedom: i hate purple
(68:19 / Allies) 40.oztofreedom: its wasting my time
(68:22 / All) FiendOfOurDay: Damn this game is ending slow as shit
(68:26 / All) MasterOfPoo: u could leave
(68:26 / Allies) GodsGiftToWar: Boo freakin' hoo
(68:28 / Allies) 40.oztofreedom: there is no respect for other peoples time
(68:29 / Allies) TomahawkJam: this game whether we won would be a waste of time
(68:30 / All) FiendOfOurDay: I think one of my favourites though
(68:32 / Allies) GodsGiftToWar: This is a team game, it's not all about you
(68:36 / Allies) 40.oztofreedom: dude
(68:40 / Allies) 40.oztofreedom: thats exactly what youre doing
(68:41 / Allies) MasterOfPoo: your making it all about u purple...
(68:43 / Allies) 40.oztofreedom: making it all about you
(68:48 / Allies) GodsGiftToWar: Yeah I'm a team of my self
(68:55 / Allies) MasterOfPoo: go play 1v1,,,
(69:04 / Allies) TomahawkJam: So purp has 6 dragons
(69:08 / Allies) 40.oztofreedom: 5 more to go
(69:12 / All) TomahawkJam: only two more hours to go haha
(69:17 / Allies) TomahawkJam: lol
(69:20 / All) GodsGiftToWar: I'm above it, transcending battle net
(69:32 / Allies) MasterOfPoo: im leaving once yellows expo is gone
(69:44 / Allies) TomahawkJam: which of yellows expo
(69:48 / All) GodsGiftToWar: I consider myself something of a warcraft g od
(69:51 / Allies) TomahawkJam: its gone man
(69:56 / Allies) MasterOfPoo: almost gone
(70:08 / Allies) TomahawkJam: so if all 3 of us quit would you stay in the game?
(70:18 / Allies) 40.oztofreedom: i wish purp would quit
(70:19 / All) GodsGiftToWar: Yeah why not? I still got 4 dragons to go
(70:38 / All) MasterOfPoo: lol nice mh nigger
(70:42 / All) GodsGiftToWar: I'm the Dragon Lord, and I hoard gold like the greediest of them all
(70:49 / All) BATHROOMBOY: yea i only revealed ur chims up there
(71:26 / Allies) MasterOfPoo: no
(71:50 / All) GodsGiftToWar: I think that pink is jealous of my considerable talents
(72:08 / All) TomahawkJam: blink out of there
(72:16 / All) BATHROOMBOY: lol
(72:38 / All) TomahawkJam: lol
(72:50 / All) BATHROOMBOY: only the hacker left
(73:03 / All) TomahawkJam: Theres two people left
(73:55 / All) TomahawkJam: so is this everyones longest game?
(74:04 / All) GodsGiftToWar: Hardly
(75:00 / Allies) TomahawkJam: wtf he didnt get chim breath
(76:28 / All) FiendOfOurDay: ROD, TURNCOAT, FLAMECHAMPION23
(76:29 / All) TomahawkJam: *awkward silence*...
(76:34 / All) FiendOfOurDay: #1 STABBING TEAM ALL TIME
(76:36 / Allies) GodsGiftToWar: There you go friend
(76:38 / All) FiendOfOurDay: HAIL TO THE GODS OF STABBING
(76:39 / All) FiendOfOurDay: HAIL!
(76:41 / All) FiendOfOurDay: REPEAT AFTER ME ORANGE
(76:42 / All) FiendOfOurDay: HAIL!
(76:43 / All) FiendOfOurDay: HAIL!
(76:44 / Allies) GodsGiftToWar: Corrosive breath coming up
(76:54 / Allies) TomahawkJam: sweet
(78:02 / Allies) TomahawkJam: are u doing that?
(79:06 / Allies) TomahawkJam: hmm so while we wait for those other dragons wanna bum me 1000g so i can grab my hero back and harass?
(79:25 / Allies) TomahawkJam: you can kill him before u attack
(79:33 / Allies) GodsGiftToWar: Alright, amuse yourself
(80:35 / Allies) TomahawkJam: you dont need the staff of tele anymore do you?
(80:43 / Allies) GodsGiftToWar: Might
(84:01 / All) TomahawkJam: you guys still there?
(84:08 / All) FiendOfOurDay: I alt tab in from time to time
(84:10 / All) BATHROOMBOY: yea just got back packer game is boring
(85:23 / All) BATHROOMBOY: the hell
(85:46 / All) BATHROOMBOY: bad boy
(88:34 / All) GodsGiftToWar: Was hardly worth the gold, such a lazy performance from that blademaster
(93:14 / All) BATHROOMBOY: i cannot wiat for diablo 3 woo hoo
(93:23 / Allies) TomahawkJam: dammit...sorry purp...i was fixing a computer real quick
(93:33 / Allies) TomahawkJam: can i have my hero backk haha
(93:34 / All) GodsGiftToWar: Can't wait for Wasteland 2, Project Eternity and the new Torment
(93:39 / All) FiendOfOurDay: ^^^^^^
(93:40 / Allies) TomahawkJam: oh nvm
(93:42 / Allies) TomahawkJam: shits gone
(93:42 / All) FiendOfOurDay: What he said
(93:43 / All) GodsGiftToWar: that's not really a sequel to Planescape: Torment at all
(93:45 / All) FiendOfOurDay: PROPER TURN BASED RPGS
(93:47 / All) FiendOfOurDay: BACK TO THE GOLDEN AGE
(93:52 / All) FiendOfOurDay: WOOOOOO
(93:53 / All) FiendOfOurDay: GOOD WRITING
(93:55 / All) FiendOfOurDay: GOOD OBSIDIAN GAMES
(93:57 / All) FiendOfOurDay: ISOMETRIC
(93:57 / All) BATHROOMBOY: CLOUD VS SEPHIROTH
(94:17 / All) BATHROOMBOY: i really need to play that fallout 2 game everyboyd likes
(94:21 / All) BATHROOMBOY: i just cant finish kotor 2
(94:29 / All) FiendOfOurDay: Play 1 then 2
(94:31 / All) FiendOfOurDay: they both own
(94:34 / All) BATHROOMBOY: me 2
(94:36 / All) BATHROOMBOY: i love 1
(94:43 / All) FiendOfOurDay: You played FO1?
(94:43 / All) BATHROOMBOY: part 2 turned me off
(94:54 / All) BATHROOMBOY: cuz my windows 7 had trouble playing it
(94:55 / All) BATHROOMBOY: no
(95:04 / Allies) TomahawkJam: purp u have no main haha
(95:09 / All) GodsGiftToWar: Thank you, that's some relief from the disaster that was your blademaster fund
(95:33 / Allies) TomahawkJam: yah i minimized and wasnt looking\
(95:37 / Allies) GodsGiftToWar: I know I killed it
(95:41 / Allies) TomahawkJam: idiots cant set up new pcs
(95:42 / Allies) GodsGiftToWar: My main
(95:45 / All) BATHROOMBOY: trap my sh w/ gargs rod lets go out in open first
(95:49 / Allies) TomahawkJam: ohh i thought the enemy killed my bm\
(95:54 / Allies) GodsGiftToWar: They did
(95:57 / Allies) GodsGiftToWar: i told them where it was
(96:05 / All) FiendOfOurDay: only 84 food so far though
(96:05 / Allies) TomahawkJam: gotcha
(96:24 / Allies) GodsGiftToWar: Soon you'll have the pleasure of watching me finish the game, on my terms
(96:26 / Allies) TomahawkJam: idc if we win or lose just wanna see the end of this game and save
(96:32 / Allies) GodsGiftToWar: the special prize of having stayed
(96:40 / Allies) TomahawkJam: im sure youll kill the farms and end it that way
(96:48 / Allies) GodsGiftToWar: A good prediction
(97:20 / Allies) TomahawkJam: But you could also kill the enemy and then at the very last second bs us
(97:24 / All) FiendOfOurDay: 3 control groups damn I have a lot of shit
(97:27 / All) FiendOfOurDay: never had this many units I think
(98:08 / All) FiendOfOurDay: 100 food dragons versus gargs when we get down to last building?
(98:15 / All) GodsGiftToWar: Alright
(98:28 / All) TomahawkJam: Ive never seen no gold on a map before
(98:51 / All) BATHROOMBOY: you've also never seen a grown woman nakid
(99:07 / All) TomahawkJam: I believe its naked
(99:11 / All) BATHROOMBOY: what
(99:13 / All) TomahawkJam: Simpleton
(99:22 / All) BATHROOMBOY: bastard
(100:05 / Allies) TomahawkJam: wow you have enough food for one hero and 11 dragons
(100:11 / Allies) TomahawkJam: strange how that works ouut
(100:17 / All) BATHROOMBOY: trap my sh w/ gargs
(100:36 / All) GodsGiftToWar: and 7 food remainder
(101:15 / All) GodsGiftToWar: mass gargs should win
(101:18 / All) GodsGiftToWar: vs dragons
(101:22 / All) FiendOfOurDay: I have 2 wyrms too
(101:25 / All) FiendOfOurDay: maybe I should kill them
(101:44 / All) FiendOfOurDay: I never seen a wyrm die so fast
(101:45 / All) GodsGiftToWar: I think I'd rather my dragons to win
(101:57 / All) GodsGiftToWar: I'd say it's 80% likely that gargs will come out on top
(102:05 / All) GodsGiftToWar: to live*
(102:10 / All) BATHROOMBOY: i do think gargs would win
(102:15 / All) FiendOfOurDay: I want to try anyway
(102:20 / All) FiendOfOurDay: I want to see 100 food of dragons and gargs fight
(102:20 / All) GodsGiftToWar: they just have to focus down the dragons one by one
(102:23 / All) FiendOfOurDay: that will never happen again
(102:27 / All) TomahawkJam: Regardless purple provided top quality entertainment
(102:40 / All) GodsGiftToWar: remove 4 of the gargs
(102:44 / All) GodsGiftToWar: and I'll move my hero
(102:52 / All) GodsGiftToWar: it's 88 food dragons
(102:58 / All) FiendOfOurDay: Aight
(103:00 / All) FiendOfOurDay: I moved away 4 gargs
(103:03 / All) FiendOfOurDay: they are at my main
(103:48 / All) FiendOfOurDay: Tell me when you're ready
(103:56 / All) TomahawkJam: wish blue and red were still here
(104:05 / All) TomahawkJam: no heroes for u green
(104:09 / All) FiendOfOurDay: omw
(104:19 / All) GodsGiftToWar: just dragons vs gargs
(104:21 / All) FiendOfOurDay: This will be the battle of centuries
(104:30 / All) FiendOfOurDay: Okay
(104:52 / All) TomahawkJam: GO GO GO
(104:53 / All) FiendOfOurDay: they stack so much holy shit
(104:54 / All) FiendOfOurDay: i can't focus
(105:01 / All) TomahawkJam: wow bullshit
(105:02 / All) GodsGiftToWar: dumbass
(105:03 / All) BATHROOMBOY: rofl
(105:05 / All) FiendOfOurDay: FAGGOT JAKE
(105:05 / All) BATHROOMBOY: raped
(105:11 / All) GodsGiftToWar: they would have won anyway
(105:13 / All) FiendOfOurDay: I killed his SH
(105:15 / All) BATHROOMBOY: that was like
(105:20 / All) BATHROOMBOY: michael jordan right there
(105:25 / All) GodsGiftToWar: gargs and hippos are the perfect counter to dragon
(105:35 / All) TomahawkJam: yeah but wouldve been cool to see that concusion
(105:39 / All) GodsGiftToWar: yeah
(106:02 / All) TomahawkJam: how is this ending on your terms purple?
(106:14 / All) BATHROOMBOY: havent u figured it out yet
(106:23 / All) GodsGiftToWar: Because this game was rigged before it began
(106:27 / All) TomahawkJam: i know that much haha
(106:30 / All) TomahawkJam: gg
(106:38 / All) FiendOfOurDay: Your team gets the loss
(106:38 / All) BATHROOMBOY: i dont think he knew that much
(106:40 / All) FiendOfOurDay: ours was oblivious
(106:43 / All) FiendOfOurDay: even more so
(106:58 / All) GodsGiftToWar: Should have killed jake's stuff before the battle
(107:02 / All) BATHROOMBOY: lol
(107:03 / All) FiendOfOurDay: yeah